 Dungeon Crawl Stone Soup version 0.28.0-47-ge53b351184 (webtiles) character file.

Game seed: 11294157105586051369

135 101zpm the Chiller (level 4, 0/45 HPs)
             Began as a Vampire Ice Elementalist on Apr 29, 2022.
             Slain by Grinder (5 damage)
             ... while paralysed by Grinder
             ... on level 3 of the Dungeon.
             The game lasted 00:07:06 (1888 turns).

101zpm the Chiller (Vampire Ice Elementalist)       Turns: 1888, Time: 00:07:07

Health: 0/45       AC: 22    Str:  7    XL:     4   Next: 96%
Magic:  3/9        EV:  2    Int: 19    God:
Gold:   81         SH:  0    Dex: 14    Spells: 2/9 levels left

rFire   . . .      SeeInvis +   d - +1 short sword (speed)
rCold   . . .      Faith    .   (no shield)
rNeg    . . .      Spirit   .   (armour currently unavailable)
rPois   +          Reflect  +   (helmet currently unavailable)
rElec   .          Harm     .   (cloak currently unavailable)
rCorr   .          Rampage  .   (gloves currently unavailable)
Will    .....      NoTele   +   (boots currently unavailable)
Stlth   ++........              f - amulet of reflection
HPRegen 0.35/turn               (no ring)
MPRegen 0.11/turn               (no ring)

@: paralysed, tree-form, healing quickly
A: stationary, stasis, torment immunity, boosted hp, alive, (fangs 3), see
invisible, vampiric 2
a: Exsanguinate


You were on level 3 of the Dungeon.
You were a tree.
You visited 1 branch of the dungeon, and saw 3 of its levels.

You collected 81 gold pieces.

Inventory:

Hand Weapons
 d - a +1 short sword of speed (weapon)
 k - a +0 vorpal mace
Armour
 a - a +0 robe (melded)
 b - a scarf of invisibility (melded)
Jewellery
 f - an amulet of reflection (around neck)
Wands
 n - a wand of iceblast (4)
Scrolls
 c - a scroll of blinking {unknown}
 h - 3 scrolls of identify {unknown}
Potions
 e - 2 potions of mutation {unknown}
 g - a potion of cancellation {unknown}
 i - a potion of magic {unknown}
 j - a potion of resistance {unknown}
 l - a potion of curing {unknown}
 m - a potion of heal wounds {unknown}
 o - a potion of haste {unknown}


   Skills:
 + Level 0.1 Fighting
 * Level 0.8 Short Blades
 + Level 2.6 Dodging
 + Level 3.8 Stealth
 + Level 3.3 Spellcasting
 + Level 4.9 Ice Magic


You had 2 spell levels left.
You knew the following spells:

 Your Spells              Type           Power      Damage    Failure   Level
a - Freeze                Ice            88%        1d10      1%          1
b - Frozen Ramparts       Ice            44%        1d6       6%          3
c - Ozocubu's Armour      Ice            22%        N/A       6%          3

Your spell library contained the following spells:

 Spells                   Type           Power      Damage    Failure   Level
 Inner Flame              Hex/Fire       3%         N/A       41%         3
 Hailstorm                Conj/Ice       12%        3d5       47%         4
 Cause Fear               Hex            1%         N/A       82%         4
 Discord                  Hex            1%         N/A       100%        8


Dungeon Overview and Level Annotations

Branches:
Dungeon (3/15)

Altars:

Annotations:
D:2 1 runed translucent door, Crazy Yiuf
D:3 Grinder


Innate Abilities, Weirdness & Mutations

You are a tree.
Your roots penetrate the ground, keeping you stationary.
You cannot be teleported.
You are immune to unholy pain and torment.
Your maximum health is greatly increased.
Your equipment is partially melded.
Your natural rate of healing is accelerated.
((You have razor-sharp teeth.))
You have supernaturally acute eyesight. (SInv)
You are afflicted with vampirism and can become a bat while bloodless.


Message History

Grinder blinks!
Your icy armour evaporates.
The frozen ramparts melt away.
Casting: Freeze (safe; 1% risk of failure)
Confirm with . or Enter, or press ? or * to list all spells.
Okay, then.
Grinder zaps a wand.
You turn into a tree.
Your scarf of invisibility melds into your body.
Your +0 robe melds into your body.
Your roots penetrate the ground.
You cannot move.
You cannot move.
Grinder blinks!
You hit Grinder.
Grinder is almost dead.
Grinder hits you but does no damage.
You barely miss Grinder.
Grinder is almost dead.
You hit Grinder but do no damage.
Grinder is almost dead.
Grinder hits you but does no damage.
You hit Grinder.
Grinder is almost dead.
Grinder hits you but does no damage.
You closely miss Grinder.
Grinder is almost dead.
You hit Grinder but do no damage.
Grinder is almost dead.
Grinder blinks!
You cannot move.
You hit Grinder.
Grinder is almost dead.
Grinder gestures at you.
You suddenly lose the ability to move!
Grinder hits you but does no damage. Grinder hits you.
* * * LOW HITPOINT WARNING * * *
You writhe in agony.
* * * LOW HITPOINT WARNING * * *
Grinder hits you.
You die...

#>....#
#.###.##
#.##...#####
#.##.......#
#.##...###.#
###.######
#.#
.####...#
#.#
......#.#
#.#
.####...#
#♣# .# ##..#
#5#
.#####..#
#.#
........#
#.#
.#####.##
... .# #.#
... .#####.#
... .......#
##.##
.##.####


You could see Grinder.

Vanquished Creatures
  A water moccasin skeleton (D:3)
  4 adders
  A worm (D:2)
  2 dart slugs (D:1)
  3 ball pythons
  3 bats (D:2)
  6 endoplasms
  2 goblins
  5 hobgoblins
  6 kobolds
  3 quokkas
  3 frilled lizards
  3 rats
42 creatures vanquished.

Notes
Turn   | Place    | Note
-------+----------+-------------------------------------------
     0 | D:1      | 101zpm the Vampire Ice Elementalist began the quest for the
                  | Orb.
     0 | D:1      | Reached XP level 1. HP: 13/13 MP: 3/3
   158 | D:1      | Reached XP level 2. HP: 19/19 MP: 0/5
   703 | D:1      | Found a faded altar of an unknown god.
   907 | D:2      | Gained mutation: You are afflicted with vampirism and can
                  | become a bat while bloodless. [Vampire growth]
   907 | D:2      | Reached XP level 3. HP: 24/24 MP: 4/6
  1250 | D:2      | Found a runed translucent door.
  1262 | D:2      | Noticed Crazy Yiuf
  1573 | D:3      | Learned a level 3 spell: Frozen Ramparts
  1577 | D:3      | Learned a level 3 spell: Ozocubu's Armour
  1588 | D:3      | Reached XP level 4. HP: 29/30 MP: 1/8
  1827 | D:3      | Noticed Grinder
  1829 | D:3      | Paralysed by Grinder for 4 turns
  1843 | D:3      | Paralysed by Grinder for 5 turns
  1854 | D:3      | Paralysed by Grinder for 6 turns
  1885 | D:3      | Paralysed by Grinder for 5 turns
  1888 | D:3      | Slain by Grinder

Illustrated notes

Levels and vault maps discovered:
D:1:      saegor_arrival_miasma, layout_loops_ring, basic_ecumenical_altar
D:2:      layout_basic, uniq_crazy_yiuf_cottage
D:3:      layout_loops_ring, minmay_tree_intersection,
          minmay_fractal_squares_diagonal_5, uniq_grinder

Skill      XL: |  1  2  3 |
---------------+----------+-----
Spellcasting   | 3 |  3.3
Fighting       | |  0.1
Short Blades   | |  0.8
Dodging        | |  2.6
Stealth        | |  3.8
Ice Magic      | |  4.9

Action                   |  1- 3 |  4- 6 || total
-------------------------+-------+-------++-------
Melee: Unarmed           |     1 |       ||     1
       Short sword       |    14 |    22 ||    36
       Bite              |     4 |       ||     4
       Punch             |     1 |     1 ||     2
 Cast: Freeze            |    56 |    11 ||    67
       Frozen Ramparts   |     1 |     2 ||     3
       Ozocubu's Armour  |     1 |     1 ||     2
Armor: Robe              |     8 |     2 ||    10
       Skin              |       |    11 ||    11
Dodge: Dodged            |    33 |     2 ||    35
Block: Other             |     1 |     1 ||     2
